Map: 2000 Atmospheres LE

Players

SKillous

  • Race: Protoss Protoss
  • League: Grandmaster

ShoWTimE - Winner!

  • Race: Protoss Protoss
  • League: Grandmaster

Event: DreamHack SC2 Masters 2021 Summer

VOD

Have the link to the VOD?

Description

Time

  • Played on: May 28, 2021, 1:10 p.m.
  • Length: 10:06

All games in this series

Show
View Real Time Build Order
Export as new Build Order

SKillous Protoss 

Build Orders:  

Get SALT Encoding   

  12  0:00  Probe  
  13  0:12  Probe  
  14  0:17  Pylon  
  14  0:24  Probe (Chrono Boost)  
  15  0:36  Probe (Chrono Boost), Gateway  
  16  0:44  Probe (Chrono Boost)  
  16  0:46  Assimilator  
  17  0:50  Probe  
  17  0:54  Assimilator  
  18  1:03  Probe (Chrono Boost)  
  19  1:08  Gateway  
  20  1:12  Probe (Chrono Boost)  
  20  1:17  Probe (Chrono Boost)  
  21  1:25  Cybernetics Core  
  21  1:29  Probe  
  22  1:37  Pylon  
  22  1:41  Probe  
  23  1:55  Probe  
  24  2:01  Stalker x2  
  24  2:02  Warp Gate  
  24  2:07  Probe  
  29  2:15  Pylon  
  29  2:19  Probe  
  30  2:25  Pylon  
  30  2:33  Stalker, Sentry  
  30  2:35  Probe  
  35  2:57  Nexus  
  35  3:00  Probe  
  35  3:04  Sentry  
  38  3:11  Pylon  
  38  3:13  Probe  
  39  3:21  Shield Battery  
  39  3:28  Twilight Council  
  39  3:29  Probe  
  40  3:42  Probe  
  41  3:54  Probe (Chrono Boost)  
  41  3:55  Stalker x2  
  44  4:02  Blink (Chrono Boost)  
  47  4:03  Probe (Chrono Boost)  
  47  4:08  Probe (Chrono Boost)  
  47  4:10  Probe  
  49  4:19  Cybernetics Core  
  47  4:28  Stalker  
  48  4:36  Stalker  
  48  4:38  Probe (Chrono Boost)  
  51  4:39  Probe (Chrono Boost)  
  52  4:50  Probe (Chrono Boost)  
  52  4:51  Probe (Chrono Boost)  
  54  4:56  Probe (Chrono Boost)  
  55  5:02  Stalker  
  55  5:03  Stalker  
  55  5:05  Probe  
  60  5:09  Pylon  
  60  5:11  Probe  
  61  5:17  Probe  
  62  5:26  Stalker  
  62  5:28  Stalker  
  63  5:33  Probe (Chrono Boost)  
  62  5:43  Probe (Chrono Boost)  
  62  5:45  Probe (Chrono Boost)  
  63  5:50  Probe (Chrono Boost)  
  63  5:51  Robotics Facility  
  65  5:59  Probe  
  65  6:02  Probe, Nexus  
  66  6:05  Pylon  
  66  6:09  Assimilator  
  66  6:12  Probe  
  66  6:17  Probe, Forge  
  68  6:22  Charge  
  68  6:24  Probe  
  69  6:28  Pylon  
  69  6:29  Probe  
  70  6:37  Gateway  
  70  6:40  Observer (Chrono Boost)  
  70  6:43  Gateway  
  70  6:44  Pylon  
  71  6:53  Stalker x2  
  75  6:55  Pylon  
  75  6:56  Protoss Ground Weapons Level 1 (Chrono Boost)  
  75  6:58  Pylon  
  75  7:02  Gateway, Pylon  
  75  7:07  Gateway  
  75  7:08  Probe, Assimilator  
  76  7:15  Probe  
  77  7:18  Stalker x2  
  81  7:27  Dark Shrine  
  81  7:35  Observer, Nexus  
  82  7:38  Pylon  
  82  7:47  Gateway x2  
  82  7:55  Probe x2  
  84  8:02  Shield Battery, Robotics Bay  
  84  8:04  Shield Battery  
  84  8:07  Probe  
  85  8:13  Stalker x2  
  89  8:25  Shield Battery  
  89  8:26  Shield Battery  
  89  8:29  Pylon  
  89  8:40  Dark Templar  
  89  8:41  Dark Templar x2  
  95  8:48  Disruptor (Chrono Boost)  
  95  8:51  Stalker  
  95  8:54  Stalker  
  102  9:04  Zealot x3  
  108  9:13  Photon Cannon  
  108  9:15  Disruptor (Chrono Boost)  
  111  9:19  Zealot x2  
  111  9:23  Zealot  
  111  9:29  Zealot x2  
  91  9:32  Zealot  
  72  9:44  Stalker x2  
  74  9:48  Stalker  
  74  9:53  Zealot  
  74  9:59  Zealot x2  
Show
View Real Time Build Order
Export as new Build Order

ShoWTimE Protoss - Winner!

Build Orders:  

Get SALT Encoding   

  12  0:00  Probe  
  13  0:12  Probe  
  14  0:17  Pylon  
  14  0:24  Probe (Chrono Boost)  
  15  0:36  Probe (Chrono Boost), Gateway  
  16  0:44  Probe (Chrono Boost)  
  16  0:46  Assimilator  
  17  0:51  Probe  
  17  0:54  Assimilator  
  18  1:03  Probe (Chrono Boost)  
  19  1:08  Gateway  
  19  1:13  Probe (Chrono Boost)  
  19  1:18  Probe (Chrono Boost)  
  20  1:25  Cybernetics Core  
  21  1:29  Probe  
  22  1:36  Pylon  
  22  1:41  Probe  
  23  1:54  Probe  
  23  1:59  Warp Gate (Chrono Boost)  
  24  2:01  Adept x2  
  29  2:14  Pylon  
  28  2:24  Pylon  
  28  2:31  Adept x2  
  32  2:50  Nexus  
  32  3:01  Adept  
  32  3:03  Adept  
  36  3:13  Robotics Facility  
  36  3:19  Probe  
  37  3:22  Pylon  
  37  3:36  Probe  
  37  3:41  Adept x2  
  40  3:48  Probe  
  43  3:57  Warp Prism (Chrono Boost)  
  43  4:02  Probe  
  46  4:04  Probe  
  47  4:11  Sentry x2  
  47  4:15  Probe  
  47  4:16  Probe  
  53  4:27  Probe  
  53  4:28  Probe  
  55  4:31  Observer  
  55  4:37  Twilight Council  
  56  4:39  Probe  
  56  4:40  Probe  
  56  4:44  Pylon  
  58  4:51  Probe  
  59  4:55  Probe  
  60  5:00  Immortal (Chrono Boost)  
  60  5:03  Probe  
  60  5:06  Sentry  
  67  5:08  Probe  
  67  5:09  Pylon  
  67  5:10  Blink (Chrono Boost)  
  68  5:15  Probe  
  68  5:21  Probe  
  70  5:27  Probe  
  71  5:29  Immortal (Chrono Boost)  
  71  5:33  Probe  
  74  5:39  Probe  
  74  5:42  Gateway  
  73  5:44  Gateway  
  73  5:45  Probe, Assimilator  
  74  5:53  Stalker x2  
  74  5:54  Pylon  
  78  6:09  Nexus  
  78  6:14  Forge  
  78  6:17  Stalker x2  
  82  6:19  Observer  
  82  6:21  Pylon  
  82  6:23  Probe  
  82  6:24  Probe  
  85  6:28  Pylon  
  85  6:33  Protoss Ground Weapons Level 1 (Chrono Boost)  
  85  6:39  Stalker x2  
  89  6:40  Stalker  
  89  6:42  Stalker  
  93  6:47  Phoenix  
  93  6:49  Pylon  
  93  6:56  Probe  
  93  6:57  Probe  
  95  7:07  Charge (Chrono Boost)  
  95  7:08  Shield Battery  
  95  7:09  Probe x2  
  95  7:11  Pylon  
  97  7:18  Stalker x3  
  97  7:22  Probe x3  
  106  7:28  Stalker  
  108  7:33  Gateway x2  
  108  7:35  Phoenix  
  108  7:36  Probe  
  109  7:38  Probe x2  
  111  7:48  Pylon  
  111  7:49  Gateway  
  111  7:50  Gateway  
  111  7:56  Stalker x3  
  115  8:04  Pylon  
  115  8:10  Templar Archives  
  115  8:17  Zealot  
  117  8:22  Pylon  
  117  8:24  Nexus  
  117  8:26  Zealot x3  
  123  8:30  Pylon  
  123  8:33  Zealot x2  
  127  8:43  Pylon  
  127  8:45  Zealot x3  
  127  8:46  Zealot x2  
  127  8:48  Zealot  
  139  8:55  Zealot x2  
  143  9:06  High Templar  
  143  9:07  High Templar, Zealot x3  
  143  9:08  Zealot  
  155  9:13  Archon, Pylon  
  155  9:19  Stalker x2  
  151  9:29  Probe, Stalker  
  133  9:36  Probe (Chrono Boost)  
  133  9:37  Probe (Chrono Boost)  
  121  9:39  Observer  
  121  9:41  Probe (Chrono Boost)  
  121  9:44  Observer  
  120  9:46  Probe (Chrono Boost)  
  120  9:48  Probe x2 (Chrono Boost)  
  120  9:50  Probe (Chrono Boost)  
  118  9:53  Probe (Chrono Boost)  
  118  9:54  Probe (Chrono Boost)  
  118  9:57  Photon Cannon  
  105  10:02  Stalker x4  
Tags
 
Add a new tag
Caveats
  • Supply blocks, unpowered buildings, or Contaminate may cause inaccurate times.
  • Supply counts are checked every 10 seconds.